 Dungeon Sprint DCSS version 0.17-a0-1655-g88a8506 (webtiles) character file.

725 nuthulu the Grappler (level 7, -3/118 (121) HPs)
             Began as a Troll Berserker on Aug 15, 2015.
             Was a Priest of Trog.
             Slain by a boulder beetle (40 damage)
             ... in the Dungeon (Sprint II: "The Violet Keep of Menkaure").
             The game lasted 00:01:32 (351 turns).

nuthulu the Grappler (Troll Berserker)               Turns: 351, Time: 00:01:32

HP:   -3/118 (121)  AC:  5    Str: 31    XL:     7   Next: 43%
MP:   6/6           EV: 13    Int:  3    God:    Trog [***...]
Gold: 729           SH:  0    Dex: 11    Spells: 0 memorised, 6 levels left

rFire  . . .     SeeInvis .       - Unarmed
rCold  . . .     Clarity  .     a - +0 animal skin
rNeg   . . .     SustAt   .     (no shield)
rPois  .         Gourm    +     (helmet restricted)
rElec  .         Spirit   .     (no cloak)
rCorr  .         Warding  .     (gloves unavailable)
rMut   .         NoTele   +     (boots unavailable)
MR     .....                    (no amulet)
Stlth  ..........               (no ring)
                                (no ring)

@: berserking (expiring), very quick, not resistant to hostile enchantments,
extremely unstealthy
A: unfitting armour, claws 3, fast metabolism 3, gourmand, regeneration 2,
shaggy fur 1, tough skin 2
a: Burn Spellbooks, Berserk, Trog's Hand, Renounce Religion


You were in the Dungeon.
You worshipped Trog.
Trog was most pleased with you.
You were not hungry.

You visited 1 branch You collected 729 gold pieces.

Inventory:

Armour
 a - a +0 animal skin (worn)
Scrolls
 h - a scroll of blinking
Potions
 d - a potion of heal wounds
 e - a potion of haste
 f - 2 potions of magic
 g - a potion of berserk rage
Comestibles
 b - 2 bread rations
 c - 3 chunks of flesh


   Skills:
 + Level 8.4 Fighting
 + Level 8.3 Dodging
 + Level 10.0 Unarmed Combat


You had 6 spell levels left.
You didn't know any spells.

Dungeon Overview and Level Annotations

Branches:
Dungeon (1/1)

Altars:

Shops:
D !}:}*(=[:*%?([!=

Annotations:
D exclusion: oklob plant


Innate Abilities, Weirdness & Mutations

You are too large for most types of armour.
You have claws for hands.
Your metabolism is lightning-fast.
You like to eat raw meat.
You heal very quickly.
You are covered in fur (AC +1).
You have very tough skin (AC +2).


Message History

You scratch the boulder beetle but do no damage.
The boulder beetle is almost dead.
The boulder beetle bites you!!
The boulder beetle curls into a ball and starts rolling!
The boulder beetle smashes into the boulder beetle!
The boulder beetle dies!
Your Fighting skill increases to level 8!
Your Dodging skill increases to level 8!
Your Unarmed Combat skill increases to level 10!
You claw the boulder beetle!
The boulder beetle is lightly wounded.
You scratch the boulder beetle.
The boulder beetle is moderately wounded.
The boulder beetle smashes into you!
The boulder beetle stops rolling.
You scratch the boulder beetle.
The boulder beetle is moderately wounded.
You mangle the boulder beetle!! You claw the boulder beetle.
The boulder beetle is severely wounded.
The boulder beetle bites you!!!
You die...

##########≈≈#++
#########≈≈≈...
........#≈≈≈≈.## ##
...⌠....#≈≈≈≈##. .##
..∩.∩...#≈≈≈≈#.. ..#
.∩.∩.∩..#≈≈####.#§####
∩.∩.∩.∩.#≈##.# #B###.##
.∩...∩.∩#≈#..###@##...#
∩.....∩.'≈+##.'.<.'##.+
.......∩#≈#..###.##.###
▓▓▓▓▓▓###≈##.###†###.#
!?E######≈≈####.#.####
$?h# ##≈≈≈#..#..# ∩P(
+#≈##...## (. ≈≈##+##
≈≈


You could see a boulder beetle.

Vanquished Creatures
  Menkaure (D)
  4 necrophages (D)
  4 worker ants (D)
  3 worms (D)
12 creatures vanquished.

Vanquished Creatures (others)
  A boulder beetle (D)
1 creature vanquished.

Grand Total: 13 creatures vanquished

Notes
Turn   | Place    | Note
--------------------------------------------------------------
     0 | D        | nuthulu the Troll Berserker began the quest for the Orb.
     0 | D        | Reached XP level 1. HP: 22/22 MP: 0/0
     1 | D        | Noticed a boulder beetle
     1 | D        | Noticed a boulder beetle
     4 | D        | Noticed a worker ant
     4 | D        | Noticed a worker ant
     9 | D        | Killed a worker ant
     9 | D        | Reached skill level 4 in Unarmed Combat
     9 | D        | Reached XP level 2. HP: 14/31 MP: 1/1
    16 | D        | Killed a worker ant
    16 | D        | Acquired Trog's second power
    16 | D        | Reached skill level 5 in Unarmed Combat
    16 | D        | Reached XP level 3. HP: 10/39 MP: 2/2
    21 | D        | Noticed a worker ant
    21 | D        | Noticed a worker ant
    26 | D        | Killed a worker ant
    26 | D        | Reached XP level 4. HP: 11/49 MP: 3/3
    29 | D        | Killed a worker ant
   204 | D        | Noticed a necrophage
   204 | D        | Noticed a necrophage
   204 | D        | Noticed a necrophage
   204 | D        | Noticed a necrophage
   212 | D        | Killed a necrophage
   212 | D        | Reached skill level 5 in Fighting
   212 | D        | Reached skill level 5 in Dodging
   212 | D        | Reached skill level 7 in Unarmed Combat
   212 | D        | Reached XP level 5. HP: 57/57 MP: 4/4
   215 | D        | Killed a necrophage
   218 | D        | Killed a necrophage
   218 | D        | Reached skill level 8 in Unarmed Combat
   218 | D        | Reached XP level 6. HP: 69/69 MP: 5/5
   221 | D        | Killed a necrophage
   221 | D        | Reached skill level 9 in Unarmed Combat
   284 | D        | Found Bapt's Jewellery Shop.
   285 | D        | Found Askal's Distillery.
   285 | D        | Found Jioraz's Magic Scroll Shop.
   285 | D        | Found Kuimizep's Antique Weapon Shop.
   285 | D        | Found Zevi's Assorted Antiques.
   285 | D        | Found Mazyw's Food Boutique.
   285 | D        | Found Qoren's Antique Armour Shop.
   285 | D        | Found Ritsuck's Book Shop.
   286 | D        | Found Byubi's Jewellery Shop.
   286 | D        | Found Puegatwoyr's Weapon Boutique.
   287 | D        | Found Inwuarad's Antique Armour Boutique.
   287 | D        | Noticed an iron elemental
   288 | D        | Found Latwam's General Store.
   288 | D        | Found Ohoxt's Gadget Boutique.
   288 | D        | Noticed Menkaure
   288 | D        | Noticed an oklob plant
   289 | D        | Found Unotzau's Gadget Shop.
   289 | D        | Found Biasa's Distillery.
   289 | D        | Found Alyishragu's Book Shoppe.
   291 | D        | Noticed a black bear
   302 | D        | Killed Menkaure
   302 | D        | Reached XP level 7. HP: 70/77 MP: 6/6
   347 | D        | Killed a boulder beetle
   347 | D        | Reached skill level 10 in Unarmed Combat
   351 | D        | Slain by a boulder beetle

Vault maps used:
D:        the_violet_keep_of_menkaure

Action                   |  1- 3 |  4- 6 |  7- 9 || total
-------------------------+-------+-------+-------++-------
Melee: Unarmed           |    15 |    32 |    11 ||    58
Invok: Berserk           |       |     1 |     1 ||     2
       Trog's Hand       |       |     1 |       ||     1
  Use: Potion            |     1 |       |       ||     1
  Eat: Chunk             |       |     2 |       ||     2
